 Dungeon Crawl Stone Soup version 0.18-a0-1027-g814d7dd (webtiles) character file.

53 tof the Shield-Bearer (level 4, -1/36 HPs)
             Began as a Formicid Fighter on Jan 8, 2016.
             Was an Initiate of Okawaru.
             Slain by glosham's ghost (4 damage)
             ... on level 3 of the Dungeon.
             The game lasted 00:02:47 (1412 turns).

tof the Shield-Bearer (Formicid Fighter)            Turns: 1412, Time: 00:02:47

Health: -1/36      AC:  7    Str: 26    XL:     4   Next: 10%
Magic:  4/4        EV:  8    Int:  7    God:    Okawaru [......]
Gold:   150        SH: 11    Dex: 11    Spells: 0 memorised, 3 levels left

rFire  . . .     SeeInvis +     a - +0 war axe
rCold  + + .     Gourm    .     b - +0 scale mail
rNeg   . . .     Faith    .     c - +1 shield
rPois  .         Spirit   .     (helmet unavailable)
rElec  .         Dismiss  .     (no cloak)
rCorr  .         Reflect  .     (no gloves)
SustAt .         Harm     .     (no boots)
MR     +....                    (no amulet)
Stlth  ..........               (no ring)
                                e - ring of protection from cold

@: mighty, lethally poisoned (-1 -> -4), flying, drained, somewhat resistant to
hostile enchantments, extremely unstealthy
A: permanent stasis, dig shafts and tunnels, four strong arms, antennae 3, icy
blue scales 1, cold resistance 1, magic resistance 1
a: Dig, Shaft Self, Renounce Religion


You were on level 3 of the Dungeon.
You worshipped Okawaru.
Okawaru was noncommittal.
You were near starving.

You visited 1 branch of the dungeon, and saw 3 of its levels.

You collected 150 gold pieces.

Inventory:

Hand Weapons
 a - a +0 war axe (weapon)
Armour
 b - a +0 scale mail (worn)
 c - a +1 shield (worn)
Jewellery
 e - a ring of protection from cold (left hand)
Scrolls
 j - a scroll of identify
Potions
 d - a potion of might
 i - a potion of lignification
Comestibles
 f - 4 bread rations
 l - a meat ration
 m - a beef jerky


   Skills:
 + Level 3.6(2.9) Fighting
 + Level 2.2(1.6) Axes
 + Level 3.5(2.9) Armour
 + Level 1.2(0.6) Dodging
 + Level 0.3(0.0) Stealth
 + Level 4.3(3.7) Shields


You had 3 spell levels left.
You didn't know any spells.

Dungeon Overview and Level Annotations

Branches:
Dungeon (3/15)

Altars:
Okawaru
Yredelemnul

Portals:
Sewer: D:3

Annotations:
D:3 glosham's ghost, amateur DgSu


Innate Abilities, Weirdness & Mutations

You are under a permanent stasis effect.
You can dig through walls and to a lower floor.
Your four strong arms can wield two-handed weapons with a shield.
You have a pair of large antennae on your head (SInv).
You are partially covered in icy blue scales (AC +1).
Your flesh is cold resistant.
You are resistant to hostile enchantments.


Message History

Okawaru accepts your kill.
You slash glosham's ghost!
Glosham's ghost is moderately damaged.
Glosham's ghost hits you.
* * * LOW HITPOINT WARNING * * *
You block the adder's attack. The adder bites you but does no damage.
You closely miss the adder. x2
You closely miss glosham's ghost.
Glosham's ghost is moderately damaged.
You block the adder's attack. The adder bites you.
* * * LOW HITPOINT WARNING * * *; You are lethally poisoned!
The adder poisons you!
Glosham's ghost hits you but does no damage.
The adder barely misses you. You block the adder's attack.
You block glosham's ghost's attack.
You miss the adder. You closely miss glosham's ghost.
Glosham's ghost is moderately damaged.
You barely miss the adder.
* * * LOW HITPOINT WARNING * * *
You feel sick. You block the adder's attack. x2
Glosham's ghost hits you.
You die...

***** *,,,** #***** *,,,,*
#..,,* ****,,_,* #...,*
**,.*,,,,* #....*
*,.,,,,***
#....######*.#*,,,.,***
***#....S@Wr.##.#**,.#,,,,
*,....##S##..#..#*,...,,,,
*,....#≈≈s#....###..##,,,,
*,..#.#≈≈≈#.....>.....,,,*
*,....#≈∩≈#.###.....#,,*,*
*,..$.#≈≈≈#...<.....#,,*,*
*,...!#≈≈≈#.###.g...#,,*,*
*,..#.#####..,,.###...,,,,
*,,,#........,,..,,,,.,*,,


You could see glosham's ghost, 2 adders, a giant cockroach and a rat.

Vanquished Creatures
  2 adders (D:3)
  An ooze (D:2)
  3 giant cockroaches
  2 goblins
  6 hobgoblins
  5 kobolds
  4 bats
  2 giant newts (D:1)
  4 rats
29 creatures vanquished.

Notes
Turn   | Place    | Note
--------------------------------------------------------------
     0 | D:1      | tof the Formicid Fighter began the quest for the Orb.
     0 | D:1      | Reached XP level 1. HP: 18/18 MP: 1/1
    80 | D:1      | Found an iron altar of Okawaru.
   114 | D:1      | Became a worshipper of Warmaster Okawaru
   141 | D:1      | Reached XP level 2. HP: 21/24 MP: 2/2
   527 | D:1      | Reached skill level 4 in Shields
   769 | D:2      | Reached XP level 3. HP: 22/29 MP: 3/3
   845 | D:2      | Reached skill level 1 in Dodging
   894 | D:2      | Found a basalt altar of Yredelemnul.
  1380 | D:3      | Found a glowing drain.
  1380 | D:3      | Noticed glosham's ghost (amateur DgSu)
  1399 | D:3      | Reached XP level 4. HP: 12/36 MP: 4/4
  1407 | D:3      | Gained mutation: You are resistant to hostile enchantments. [potion of mutation]
  1407 | D:3      | Gained mutation: Your flesh is cold resistant. [potion of mutation]
  1407 | D:3      | Gained mutation: You are partially covered in icy blue scales (AC +1). [potion of mutation]
  1412 | D:3      | Slain by glosham's ghost

Vault maps used:
D:1:      shiori_arrival_maze, okawaru_ov_weapons_minmay
D:2:      old_standard_altar
D:3:      grunt_temple_overflow_gold_and_silver, grunt_dithmenos_smoke,
          old_standard_altar, gup_sewer_entry_glass, johnstein_pakellas_dig

Action                   |  1- 3 |  4- 6 || total
-------------------------+-------+-------++-------
Melee: War axe           |   120 |     5 ||   125
  Use: Scroll            |       |     4 ||     4
       Potion            |       |     4 ||     4
